 Dungeon Crawl Stone Soup version 0.29-a0-321-gf1c400731a (webtiles) character file.

Game seed: 2523947733854493546

196 HotDog the Chopper (level 5, -6/47 HPs)
             Began as a Hill Orc Fighter on Apr 5, 2022.
             Mangled by a gnoll
             ... wielding a +0 flail
              (8 damage)
             ... on level 4 of the Dungeon.
             The game lasted 00:03:19 (3361 turns).

HotDog the Chopper (Hill Orc Fighter)               Turns: 3361, Time: 00:03:20

Health: -6/47      AC:  8    Str: 21    XL:     5   Next: 75%
Magic:  6/6        EV:  9    Int:  8    God:
Gold:   237        SH:  4    Dex: 10    Spells: 4/4 levels left

rFire   . . .      SeeInvis .   a - +0 war axe
rCold   . . .      Faith    .   c - +0 buckler
rNeg    . . .      Spirit   .   b - +0 scale mail
rPois   .          Reflect  .   o - +0 helmet
rElec   .          Harm     .   (no cloak)
rCorr   .          Rampage  .   (no gloves)
Will    +....                   (no boots)
Stlth   ..........              (no amulet)
HPRegen 0.15/turn               l - ring of willpower
MPRegen 0.10/turn               (no ring)

@: no status effects
A: no striking features
a: no special abilities


You were on level 4 of the Dungeon.
You visited 1 branch of the dungeon, and saw 4 of its levels.

You collected 237 gold pieces.

Inventory:

Hand Weapons
 a - a +0 war axe (weapon)
Missiles
 v - a throwing net (quivered)
Armour
 b - a +0 scale mail (worn)
 c - a +0 buckler (worn)
 o - a +0 helmet (worn)
Jewellery
 l - a ring of willpower (left hand)
Scrolls
 m - a scroll of immolation
 p - 2 scrolls of teleportation
 q - a scroll of magic mapping
 r - a scroll of noise {unknown}
 s - a scroll of enchant armour {unknown}
 u - a scroll of torment {unknown}
Potions
 d - 3 potions of might
 e - 2 potions of brilliance
 h - 2 potions of degeneration
 i - a potion of flight
 j - 3 potions of attraction
 k - a potion of heal wounds
 n - a potion of lignification
 t - a potion of curing


   Skills:
 * Level 4.4 Fighting
 * Level 4.8 Axes
 * Level 4.1 Armour
 * Level 1.2 Dodging
 * Level 4.0 Shields
 * Level 1.7 Invocations


You had 4 spell levels left.
You didn't know any spells.
Your spell library contained the following spells:

 Spells                   Type           Power      Damage    Failure   Level
 Conjure Flame            Conj/Fire      0%         6-21      99%         3
 Gell's Gravitas          Tloc           0%         N/A       99%         3
 Ignite Poison            Fire/Tmut/Pois 0%         N/A       99%         3
 Lesser Beckoning         Tloc           0%         N/A       99%         3
 Ozocubu's Armour         Ice            0%         N/A       99%         3
 Teleport Other           Tloc           0%         N/A       99%         3
 Sticky Flame             Conj/Fire      0%         2d3       100%        4
 Metabolic Englaciation   Hex/Ice        0%         N/A       100%        5
 Simulacrum               Ice/Necr       0%         N/A       100%        6


Dungeon Overview and Level Annotations

Branches:
Dungeon (4/15)
 Temple: D:4-7

Altars:
Elyvilon
Wu Jian

Shops:
D:2 *


Message History

You barely miss the gnoll. You hit the gnoll but do no damage.
The gnoll hits you but does no damage. The gnoll hits you with a +0 club.
The gnoll barely misses you.
You are too injured to fight recklessly!
You are too injured to fight recklessly!
You are too injured to fight recklessly!
You are too injured to fight recklessly!
You are too injured to fight recklessly!
You are too injured to fight recklessly!
You are too injured to fight recklessly!
Unknown command.
You are too injured to fight recklessly!
Unknown command.
You are too injured to fight recklessly!
You block the gnoll's attack. The gnoll hits you with a +0 flail.
The gnoll hits you but does no damage.
You hit the gnoll.
The gnoll is lightly wounded.
You barely miss the gnoll. You slash the gnoll!
The gnoll hits you with a +0 flail.
* * * LOW HITPOINT WARNING * * *
You block the gnoll's attack. The gnoll hits you but does no damage.
You barely miss the gnoll.
The gnoll is lightly wounded.
You slash the gnoll! x2
You kill the gnoll!
The gnoll closely misses you. The gnoll hits you but does no damage.
The gnoll hits you with a +0 spear.
* * * LOW HITPOINT WARNING * * *
The gnoll hits you with a +0 flail!
* * * LOW HITPOINT WARNING * * *
You closely miss the gnoll.
The gnoll is lightly wounded.
You barely miss the gnoll. The gnoll hits you with a +0 spear.
* * * LOW HITPOINT WARNING * * *
The gnoll closely misses you.
You hit the gnoll.
The gnoll is severely wounded.
You hit the gnoll but do no damage. The gnoll hits you with a +0 flail!
You die...

#......)...#####.#####
#.#≈..♣..≈#....#.##### #
#≈≈...≈≈#....#.#...#
#.###.^.###....#.#.#.#
.##.###...)......#.#.#.#
.................#.#.#.#
.................#.#.#.#
......†.)....#####.#.#.#
......†@g......# #.#.#.#
........g......# #.#.#.#
...............# #.#.#.#
...............# #.#.#.#
#..............# #.#.#..
#..............# #.#.###
#.....####..... #.#.#
#..... ..... #.#.#
#†#.###


You could see 2 gnolls.

Vanquished Creatures
  A hound (D:4)
  Jessica (D:3)
  2 adders (D:3)
  5 gnolls (D:4)
  4 dart slugs
  5 orcs (D:3)
  3 bats
  3 endoplasms
  2 giant cockroaches (D:3)
  6 goblins
  7 hobgoblins
  6 jackals (D:3)
  8 kobolds
  A quokka (D:1)
  6 ball pythons
  2 frilled lizards
  2 rats
64 creatures vanquished.

Vanquished Creatures (others)
  An orc (D:4)
  A quokka (D:4)
2 creatures vanquished.

Grand Total: 66 creatures vanquished

Notes
Turn   | Place    | Note
-------+----------+-------------------------------------------
     0 | D:1      | HotDog the Hill Orc Fighter began the quest for the Orb.
     0 | D:1      | Reached XP level 1. HP: 19/19 MP: 1/1
   286 | D:1      | Reached XP level 2. HP: 26/27 MP: 2/2
   761 | D:1      | Found a faded altar of an unknown god.
  1158 | D:2      | Found Seboimaf's Assorted Antiques.
  1211 | D:2      | Reached XP level 3. HP: 33/33 MP: 3/3
  1864 | D:3      | Reached XP level 4. HP: 39/40 MP: 4/4
  2010 | D:3      | Noticed Jessica
  2016 | D:3      | Killed Jessica
  2017 | D:3      | Reached skill level 1 in Invocations
  2207 | D:3      | Reached skill level 1 in Dodging
  2555 | D:3      | Found an ornate altar of the Wu Jian Council.
  2854 | D:4      | Reached XP level 5. HP: 33/46 MP: 4/6
  3210 | D:4      | Found a white marble altar of Elyvilon.
  3360 | D:4      | HP: 1/47 [gnoll/+0 spear (3)]
  3361 | D:4      | Mangled by a gnoll

Illustrated notes

Levels and vault maps discovered:
D:1:      dpeg_arrival_lava_temple_mockup, layout_basic,
          shapermc_ecumenical_altar_mp_ritualfount
D:2:      wad_crossroads, layout_basic, serial_shops, nicolae_diamond_shop,
          minmay_misc_feat_ornament, minmay_pentomino_x2
D:3:      layout_basic, lemuel_doored_altar, st_stairs_7, uniq_jessica
D:4:      layout_basic, kennysheep_mini, elyvilon_altar_4, serial_shops, shop,
          shop, nicolae_stop_n_shop_1

Skill      XL: |  1  2  3  4  5 |
---------------+----------------+-----
Fighting       | 4 |  4.4
Axes           | 3 4 |  4.8
Invocations    | 1 |  1.7
Dodging        | 1 |  1.2
Armour         | 4 |  4.1
Shields        | 4 |  4.0

Action                   |  1- 3 |  4- 6 || total
-------------------------+-------+-------++-------
Melee: War axe           |    70 |    85 ||   155
  Use: Scroll            |       |    10 ||    10
       Potion            |       |     2 ||     2
Armor: Scale mail        |    37 |    40 ||    77
Dodge: Dodged            |    29 |    49 ||    78
Block: Buckler           |    18 |    20 ||    38

Table legend: (Time is in decaauts)
 A = Elapsed time spent in this place.
 B = Non-inter-level travel time spent in this place.
 C = Inter-level travel time spent in this place.
 D = Time resting spent in this place.
 E = Time spent auto-exploring this place.
 F = Levels seen in this place.
 G = Mean time per level.
                   A        B        C        D        E       F      G
               +--------+--------+--------+--------+--------+-----+--------+
         Total |   3414 |   3326 |     88 |    325 |   2556 |   4 |  853.5 |
       Dungeon |   3414 |   3326 |     88 |    325 |   2556 |   4 |  853.5 |
               +--------+--------+--------+--------+--------+-----+--------+

Top non-repeatable levels by time:
     D:3: 1030 daAuts
     D:1: 929 daAuts
     D:2: 761 daAuts
     D:4: 693 daAuts
